 Dungeon Crawl Stone Soup version 0.26.0-45-g9c1d065592 (webtiles) character file.

Game seed: 10366435424388577083

161 kaeus the Sneak (level 5, -3/31 HPs)
             Began as an Octopode Enchanter on Jan 27, 2021.
             Slain by an orc
             ... wielding a +0 flail
              (8 damage)
             ... on level 4 of the Dungeon.
             The game lasted 00:05:22 (4443 turns).

kaeus the Sneak (Octopode Enchanter)                Turns: 4443, Time: 00:05:22

Health: -3/31      AC:  1    Str:  7    XL:     5   Next: 42%
Magic:  8/8        EV: 14    Int: 17    God:
Gold:   236        SH:  0    Dex: 14    Spells: 3/9 levels left

rFire    . . .     SeeInvis .   u - +1 dagger (holy)
rCold    . . .     Faith    .   (no shield)
rNeg     . . .     Spirit   .   (helmet restricted)
rPois    .         Reflect  .   (no amulet)
rElec    .         Harm     .   f - +4 ring of slaying
rCorr    .         Rampage  .   (no ring)
Will     .....                  (no ring)
Stlth    ++++......             (no ring)
HPRegen  0.10/turn              (no ring)
MPRegen  0.11/turn              (no ring)
                                (no ring)
                                (no ring)

@: no status effects
A: almost no armour, stealthy swim, amphibious, 8 rings, constrict 8, camouflage
1, gelatinous body 1
a: no special abilities


You were on level 4 of the Dungeon.
You visited 1 branch of the dungeon, and saw 4 of its levels.

You collected 236 gold pieces.

Inventory:

Hand Weapons
 u - a +1 dagger of holy wrath (weapon)
Magical Staves
 q - an uncursed staff of poison
Jewellery
 f - a +4 ring of slaying (left tentacle)
 o - an uncursed ring of ice
Wands
 a - a wand of random effects (7)
 s - a wand of enslavement (8)
Scrolls
 b - 3 scrolls of identify
 d - 2 scrolls of fear {unknown}
 e - 2 scrolls of remove curse
 g - a scroll of enchant armour {unknown}
 i - a scroll of magic mapping {unknown}
 j - a scroll of enchant weapon {unknown}
 n - a scroll of noise {unknown}
 p - 2 scrolls of blinking {unknown}
Potions
 c - 4 potions of curing {unknown}
 h - 2 potions of mutation {unknown}
 k - a potion of resistance {unknown}
 l - a potion of attraction {unknown}
 m - a potion of degeneration {unknown}
 r - 2 potions of ambrosia {unknown}
 t - a potion of haste {unknown}


   Skills:
 + Level 2.1 Short Blades
 + Level 2.7 Dodging
 * Level 5.8 Stealth
 + Level 2.6 Spellcasting
 + Level 3.7 Hexes


You had 3 spell levels left.
You knew the following spells:

 Your Spells              Type           Power        Failure   Level
a - Corona                Hex            16%          3%          1
b - Ensorcelled Hibernat  Hex/Ice        16%          13%         2
c - Confusing Touch       Hex            15%          12%         3

Your spell library contained the following spells:

 Spells                   Type           Power        Failure   Level
 Tukima's Dance           Hex            15%          12%         3
 Dazzling Flash           Conj/Hex       16%          26%         3


Dungeon Overview and Level Annotations

Branches:
Dungeon (4/15)
 Temple: D:4-7

Altars:
Nemelex Xobeh

Annotations:
D:3 Sigmund


Innate Abilities, Weirdness & Mutations

You cannot wear most types of armour.
You are very stealthy in the water. (Stealth+)
You are amphibious.
You can wear up to eight rings at the same time.
You can use your tentacles to constrict eight enemies at once.
Your skin changes colour to match your surroundings (Stealth+).
Your rubbery body absorbs attacks. (AC +1, EV +1)


Message History

The orc is moderately wounded.
The orc completely misses you. The orc hits you with a +0 hand axe!
There are monsters nearby!
You take 7 damage, and have 24/31 hp.
MASSIVE DAMAGE!!
You hit the orc. You grab the orc. You squeeze the orc, but do no damage.
The orc is severely wounded.
You constrict the orc. The orc hits you with a +0 flail!
The orc hits you with a +0 hand axe!
* * * LOW HITPOINT WARNING * * *
There are monsters nearby!
You take 19 damage, and have 5/31 hp.
MASSIVE DAMAGE!!
You are too injured to fight recklessly!
There are monsters nearby!
You are too injured to fight recklessly!
There are monsters nearby!
You completely miss the orc.
The orc is almost dead.
You constrict the orc, but do no damage.
The orc barely misses you. The orc hits you with a +0 flail!
You die...

..............#
..............+ .#
#.##...############ ..#
#.##...###...###..###..#
..............#.........
..............#.........
..............#.........
..............#.[o......
..............+.@o......
..............#.........
#.##.....#....[#...##.##
#.##################
...# ...# ...# ######
####.##


You could see 2 orcs.

Vanquished Creatures
  Ijyb (D:4)
  A worker ant (D:4)
  A gnoll (D:1)
  An adder (D:3)
  2 worms (D:3)
  3 dart slugs
  4 leopard geckos
  6 orcs
  9 giant cockroaches
  5 goblins
  7 hobgoblins
  11 kobolds
  2 quokkas
  6 bats
  4 frilled lizards
  9 rats
72 creatures vanquished.

Notes
Turn   | Place    | Note
-------+----------+-------------------------------------------
     0 | D:1      | kaeus the Octopode Enchanter began the quest for the Orb.
     0 | D:1      | Reached XP level 1. HP: 11/11 MP: 3/3
    19 | D:1      | Reached XP level 2. HP: 14/17 MP: 5/5
   266 | D:1      | Reached XP level 3. HP: 21/21 MP: 6/6
  1020 | D:1      | Learned a level 2 spell: Ensorcelled Hibernation
  1024 | D:1      | Learned a level 3 spell: Confusing Touch
  2092 | D:2      | Reached skill level 5 in Stealth
  2097 | D:1      | Reached XP level 4. HP: 10/27 MP: 0/7
  3163 | D:3      | Found a sparkling altar of Nemelex Xobeh.
  3412 | D:3      | Found a faded altar of an unknown god.
  3414 | D:3      | Noticed Sigmund
  4286 | D:4      | Reached XP level 5. HP: 24/31 MP: 8/8
  4392 | D:4      | Noticed Ijyb
  4399 | D:4      | Killed Ijyb
  4443 | D:4      | Slain by an orc

Illustrated notes

Levels and vault maps discovered:
D:1:      mrwooster_arrival_arrow, layout_basic
D:2:      layout_basic, kennysheep_pointless_box, minmay_tetromino_o4
D:3:      layout_basic, nicolae_overflow_crystal_walls,
          chequers_ecumenical_altar_island, minmay_unequal, uniq_sigmund
D:4:      layout_gridville, minmay_temple_entry_enclosed_plants, uniq_edmund,
          uniq_ijyb

Skill      XL: |  1  2  3  4 |
---------------+-------------+-----
Stealth        | 5 |  5.8
Short Blades   | 2 |  2.1
Dodging        | |  2.7
Spellcasting   | |  2.6
Hexes          | |  3.7

Action                   |  1- 3 |  4- 6 || total
-------------------------+-------+-------++-------
Melee: Dagger            |    80 |    65 ||   145
       Constrict         |    19 |    13 ||    32
       Tentacles         |     8 |    10 ||    18
 Cast: Ensorcelled Hiber |    11 |     3 ||    14
       Confusing Touch   |     1 |       ||     1
  Use: Scroll            |       |     1 ||     1
 Stab: Sleeping          |    15 |     9 ||    24
Armor: Skin              |     1 |     2 ||     3
Dodge: Dodged            |    56 |    44 ||   100
